Map: Deathaura LE

Players

Astrea

  • Race: Protoss Protoss
  • League: Master
  • Spawn Location: 5:00

Scarlett - Winner!

  • Race: Zerg Zerg
  • Spawn Location: 11:00

Event: DreamHack SC2 Masters 2020 Fall

VOD

Have the link to the VOD?

Description

Time

  • Played on: Sept. 9, 2020, 7:50 p.m.
  • Length: 11:57

All games in this series

Show
View Real Time Build Order
Export as new Build Order

Astrea Protoss 

Build Orders: 1 Gate Expand, Oracle Opening 

Get SALT Encoding   

  12  0:00  Probe  
  13  0:13  Pylon  
  13  0:17  Probe (Chrono Boost)  
  14  0:27  Probe (Chrono Boost)  
  15  0:32  Probe (Chrono Boost)  
  16  0:39  Gateway  
  16  0:43  Probe  
  16  0:48  Assimilator  
  17  0:55  Probe  
  18  1:07  Probe  
  19  1:20  Probe  
  20  1:26  Nexus  
  20  1:33  Unknown  
  20  1:34  Unknown x2  
  20  1:37  Cybernetics Core  
  20  1:38  Probe  
  21  1:44  Assimilator  
  21  1:51  Probe  
  22  1:54  Pylon  
  22  2:03  Probe (Chrono Boost)  
  23  2:10  Adept (Chrono Boost)  
  23  2:14  Warp Gate, Probe (Chrono Boost)  
  26  2:19  Probe (Chrono Boost)  
  27  2:29  Probe  
  28  2:32  Stalker (Chrono Boost)  
  30  2:37  Probe  
  30  2:41  Probe  
  30  2:42  Stargate  
  32  2:50  Probe  
  33  2:53  Probe  
  34  3:02  Probe  
  35  3:05  Probe  
  35  3:11  Adept  
  38  3:14  Gateway, Probe  
  38  3:17  Probe  
  38  3:19  Pylon  
  40  3:22  Oracle (Chrono Boost)  
  40  3:26  Probe  
  44  3:30  Probe  
  44  3:32  Robotics Facility  
  45  3:38  Probe  
  46  3:42  Probe  
  46  3:44  Assimilator  
  46  3:45  Void Ray (Chrono Boost)  
  47  3:50  Pylon, Probe  
  47  3:55  Probe  
  53  3:58  Assimilator  
  53  4:02  Probe  
  54  4:08  Probe  
  55  4:11  Adept x2  
  55  4:14  Probe  
  55  4:15  Pylon  
  60  4:21  Observer, Probe  
  62  4:33  Probe x2  
  62  4:37  Nexus  
  64  4:43  Sentry  
  64  4:45  Pylon, Probe x2  
  68  4:49  Sentry  
  70  5:00  Immortal (Chrono Boost)  
  74  5:08  Gateway  
  74  5:09  Gateway x2  
  74  5:10  Gateway  
  74  5:12  Sentry  
  74  5:13  Sentry  
  78  5:16  Pylon  
  78  5:31  Warp Prism (Chrono Boost)  
  80  5:42  Pylon  
  80  5:45  Stalker x2  
  84  5:55  Probe x3  
  87  5:57  Shield Battery  
  87  6:04  Stalker x4  
  87  6:08  Pylon  
  95  6:19  Stalker x2  
  95  6:24  Probe x3  
  95  6:25  Pylon  
  102  6:28  Stalker x3  
  108  6:32  Stalker  
  110  6:43  Probe  
  108  6:49  Sentry  
  108  6:50  Sentry  
  108  6:51  Zealot x3  
  116  6:57  Probe  
  116  6:59  Zealot  
  116  7:00  Probe  
  114  7:07  Probe  
  103  7:14  Stalker x5  
  107  7:17  Probe  
  107  7:20  Probe  
  99  7:26  Probe  
  99  7:29  Probe  
  93  7:36  Probe  
  90  7:38  Probe  
  91  7:45  Sentry x2, Stalker x4, Probe  
  91  7:47  Assimilator x2  
  91  7:48  Probe  
  105  7:52  Immortal (Chrono Boost)  
  109  8:00  Forge, Twilight Council  
  109  8:01  Pylon x2  
  109  8:10  Sentry x2, Stalker x2  
  117  8:17  Pylon  
  117  8:19  Pylon  
  117  8:22  Pylon  
  117  8:29  Blink (Chrono Boost)  
  117  8:30  Nexus  
  117  8:32  Protoss Ground Weapons Level 1 (Chrono Boost)  
  117  8:33  Adept x4  
  125  8:37  Immortal (Chrono Boost)  
  129  8:49  Photon Cannon  
  129  8:51  Shield Battery  
  129  8:53  Photon Cannon  
  129  9:06  Probe x2  
  129  9:07  Immortal (Chrono Boost), Probe  
  136  9:18  Probe x2  
  136  9:19  Probe  
  139  9:31  Probe x3  
  142  9:33  Templar Archives  
  142  9:35  Assimilator  
  142  9:36  Immortal (Chrono Boost)  
  142  9:37  Assimilator, Sentry x2, Stalker x4  
  158  9:43  Probe x2  
  160  9:46  Probe x2  
  162  9:52  Gateway  
  162  9:53  Gateway  
  162  9:55  Probe x2  
  164  10:06  Stalker x5  
  172  10:09  Psionic Storm  
  172  10:12  Charge (Chrono Boost)  
  149  10:29  High Templar x3  
  137  11:12  Pylon x2  
  137  11:14  Pylon  
  137  11:16  Pylon  
  124  11:33  Zealot x6  
  138  11:46  Archon  
Show
View Real Time Build Order
Export as new Build Order

Scarlett Zerg - Winner!

Build Orders: Hatch First, Lurkers 

Get SALT Encoding   

  12  0:00  Drone  
  13  0:12  Overlord  
  13  0:16  Drone  
  14  0:30  Drone x2  
  16  0:48  Drone  
  17  0:52  Hatchery  
  17  0:54  Drone  
  17  0:58  Drone  
  18  1:05  Unknown x3  
  18  1:08  Drone, Extractor  
  18  1:15  Spawning Pool  
  17  1:19  Drone  
  17  1:22  Unknown  
  18  1:31  Drone  
  19  1:34  Unknown  
  19  1:39  Drone  
  20  1:49  Unknown  
  20  1:51  Drone  
  21  2:00  Overlord  
  21  2:03  Queen x2  
  21  2:04  Zergling x2  
  21  2:06  Unknown  
  26  2:11  Metabolic Boost  
  26  2:16  Drone x2  
  26  2:21  Unknown  
  28  2:23  Drone  
  28  2:26  Drone  
  30  2:37  Hatchery  
  29  2:39  Zergling x2  
  29  2:43  Drone  
  31  2:49  Overlord  
  31  2:52  Queen  
  31  2:54  Drone  
  31  2:55  Drone  
  35  3:01  Spore Crawler  
  35  3:03  Spore Crawler  
  34  3:07  Overlord  
  34  3:08  Drone  
  34  3:11  Queen  
  37  3:14  Drone  
  37  3:18  Overlord  
  38  3:22  Overlord  
  38  3:32  Drone x4  
  42  3:37  Drone  
  42  3:41  Queen  
  43  3:44  Drone  
  43  3:47  Drone  
  43  3:48  Queen  
  47  3:50  Drone  
  47  3:53  Drone x2  
  47  3:54  Drone  
  53  3:59  Drone, Spore Crawler  
  53  4:02  Drone x2  
  55  4:04  Drone  
  55  4:05  Drone  
  55  4:09  Overlord  
  57  4:16  Drone x2, Overlord  
  59  4:18  Drone x2  
  61  4:24  Zergling x8  
  61  4:29  Extractor  
  61  4:30  Extractor  
  63  4:38  Zergling x12  
  69  4:41  Lair  
  69  4:44  Extractor  
  67  4:48  Drone x2  
  67  4:51  Drone x6  
  75  4:56  Roach Warren  
  75  4:59  Evolution Chamber, Overlord  
  73  5:00  Drone  
  73  5:05  Drone x2  
  74  5:08  Drone x2  
  76  5:16  Drone x2, Overlord x2  
  78  5:24  Drone  
  78  5:25  Drone x5  
  84  5:29  Drone  
  84  5:31  Zerg Missile Weapons Level 1  
  84  5:34  Overlord  
  84  5:35  Drone x2  
  87  5:40  Overseer  
  87  5:41  Extractor x2  
  87  5:42  Glial Reconstitution  
  85  5:44  Roach x3  
  91  5:52  Drone  
  91  5:54  Drone  
  91  5:55  Drone x4  
  97  5:57  Roach x3  
  103  6:06  Overlord x2  
  103  6:08  Overlord x2  
  103  6:13  Roach  
  103  6:14  Roach, Hydralisk Den  
  103  6:17  Overlord  
  106  6:21  Overlord x2  
  106  6:26  Ravager x6  
  106  6:28  Hatchery  
  111  6:33  Drone  
  111  6:34  Drone x2  
  111  6:35  Roach  
  111  6:36  Roach  
  111  6:38  Roach  
  111  6:39  Ravager x2  
  122  6:43  Roach x3  
  124  6:49  Roach x4  
  125  6:57  Roach x4  
  123  7:05  Roach x4  
  122  7:08  Roach  
  122  7:09  Queen  
  123  7:20  Queen  
  123  7:22  Infestation Pit, Roach x6  
  128  7:29  Roach x4  
  124  7:31  Ravager  
  124  7:34  Queen  
  124  7:36  Zerg Missile Weapons Level 2  
  125  7:47  Drone x11  
  125  7:49  Grooved Spines  
  136  7:54  Lurker Den  
  135  8:01  Hive  
  135  8:07  Hydralisk x2  
  135  8:12  Zergling x18  
  148  8:16  Extractor  
  147  8:20  Overlord x2  
  147  8:21  Extractor  
  146  8:30  Drone x2  
  146  8:31  Drone x4  
  152  8:43  Drone x2  
  152  8:44  Overlord x3  
  152  8:47  Hydralisk x7  
  168  8:53  Spore Crawler  
  167  8:56  Hatchery  
  167  8:58  Hydralisk x4  
  170  9:25  Seismic Spines  
  170  9:26  Drone x3  
  170  9:27  Drone  
  168  9:34  Drone x5, Spore Crawler  
  168  9:36  Spine Crawler  
  171  9:38  Lurker x2  
  171  9:39  Lurker x7  
  171  9:40  Hydralisk  
  171  9:41  Zergling x16  
  171  9:43  Extractor  
  171  9:45  Extractor  
  188  9:48  Spore Crawler  
  188  9:50  Spine Crawler  
  185  10:05  Hydralisk x7  
  192  10:28  Hydralisk x9  
  183  10:34  Adaptive Talons  
  199  10:47  Evolution Chamber  
  198  10:50  Spine Crawler, Spore Crawler  
  192  10:57  Hydralisk x5  
  192  11:04  Hydralisk x7  
  188  11:08  Hydralisk x2  
  188  11:11  Lurker  
  200  11:15  Overseer x3  
  194  11:26  Hydralisk x3  
  194  11:32  Spire  
  186  11:35  Lurker  
  186  11:39  Zergling x22  
  196  11:47  Lurker x3  

Tags
 
Add a new tag
Caveats
  • Supply blocks, unpowered buildings, or Contaminate may cause inaccurate times.
  • Supply counts are checked every 10 seconds.